Unix NetHack Version 5.0.0-0 post-release - last build May  4 2026 22:22:43 (774f63e81ad911689b3a0859ea89b322d5daca8d,branch:main).

Game began 2026-05-05 15:08:50, ended 2026-05-05 15:25:15.

1212459919, lawful female dwarven Valkyrie

                   ---        ----
                  --.--       |..-
                  |...|       |..`|
                  |...|  ------...|
    ---- ----     --..| --..|)....---
   --..| |..|      |-.---...........|
  --...---..|      |........%.(....--
  |.......---      --............---
  --....*-|        --............|
   |.`.%..--   |   |...........--- ---
    -......---.|   |..........--  --.--
   --..........|   --.........| ---...|
   |.........----   --.....---- |.....--
   |...*......|.--   |....--    |......----
   |.............--- |...--     ---.......| -
   ---.............---<-.|        ----d@e...--     ---
    --...................|   ---------...............|
    |............----...------.........---........G.--
    |............||...--.......---------  --...-- .--
    --.|.|.---.---|......-------            ----  --
     ------- ---  --------
1212459919 the Stripling    St:18/03 Dx:12 Co:13 In:11 Wi:8 Ch:10  Lawful
Dlvl:4  $:53 HP:0(26) Pw:2(2) AC:6  Xp:2 T:1284 

Latest messages:
 You kill the green mold!
 The jackal misses!
 You miss the jackal.
 The jackal misses!
 You kill the jackal!
 You see here a jackal corpse.
 You descend the stairs.
 You hear an A note squeak nearby.
 An arrow shoots out at you!
 An arrow misses you.
 You see here a whistle.
 The little dog bites!
 The little dog misses!
 You kill the little dog!
 You see here a little dog corpse.
 You hear an A note squeak in the distance.
 The gnome drinks a brown potion!
 The gnome seems more experienced.
 You see here a yellowish brown gem.
 The giant rat bites!
 You see here a cream pie.
 You hear an A note squeak in the distance.
 You swap places with the peaceful gnome lord.
 The garter snake bites!
 You kill the garter snake!
 You stop.  The gnome is in the way!
 You swap places with the peaceful gnome.
 The little dog misses!
 The little dog bites!
 The little dog bites!
 The little dog bites!
 The little dog bites!
 The little dog misses!
 The little dog bites!
 The little dog bites!
 The little dog bites!
 The little dog bites!
 You hit the floating eye!
 The little dog bites!
 You miss the floating eye.
 You are frozen by the floating eye's gaze!
 The little dog bites!
 The little dog bites!
 The little dog bites!
 You die...
 Do you want your possessions identified? [ynq] (y) y
 Do you want to see your attributes? [ynq] (y) y
 Do you want an account of creatures vanquished? [ynaq] (y) y
 Do you want to see your conduct and achievements? [ynq] (y) y
 Do you want to see the dungeon overview? [ynq] (y) y

Inventory:
 Coins    ('$')
  $ - 53 gold pieces
 Weapons  (')')
  b - a +0 dagger (alternate weapon; not wielded)
  a - a +1 dwarvish spear (weapon in right hand)
 Armor    ('[')
  c - an uncursed +3 small shield (being worn)
 Comestibles  ('%')
  f - a cursed food ration
 Tools    ('(')
  e - an uncursed oil lamp

1212459919 the Valkyrie's attributes:

Background:
 You were a Stripling, a level 2 dwarven Valkyrie.
 You were lawful, nominally on a mission for Tyr
 who was opposed by Odin (neutral) and Loki (chaotic).
 You were right-handed.
 You were in the Gnomish Mines, on level 4.
 You entered the dungeon 1284 turns ago.
 You had 38 experience points, 2 more were needed to attain level 3.

Basics:
 You had 0 out of 26 hit points.
 You had both energy points (spell power).
 Your armor class was 6.
 Your wallet contained 53 zorkmids.
 Autopickup was off.

Final Characteristics:
 Your strength was 18/03 (limit:18/100).
 Your dexterity was 12 (limit:20).
 Your constitution was 13 (limit:20).
 Your intelligence was 11 (limit:16).
 Your wisdom was 8 (limit:16).
 Your charisma was 10 (limit:16).

Final Status:
 You weren't hungry.
 You were unencumbered.
 You were wielding a spear.
 You had basic skill with spear.

Final Attributes:
 You were devoutly aligned.
 You were cold resistant.
 You had infravision.
 You are dead.

Miscellaneous:
 You didn't encounter any bones levels.
 Total elapsed playing time was 16 minutes and 23 seconds.

Major events:
 Turn
    1: 1212459919 the lawful dwarven Valkyrie entered the dungeon
 1165: entered the Gnomish Mines
 1284: killed by a little dog, while frozen by a floating eye's gaze

You didn't know any spells.

Skills:
 Fighting Skills
   bare handed combat [Unskilled]
   two weapon combat  [Unskilled]
   riding             [Unskilled]
 Weapon Skills
   dagger             [Basic]
   axe                [Unskilled]
   pick-axe           [Unskilled]
   short sword        [Unskilled]
   broadsword         [Unskilled]
   long sword         [Unskilled]
   two-handed sword   [Unskilled]
   saber              [Unskilled]
   hammer             [Unskilled]
   quarterstaff       [Unskilled]
   polearms           [Unskilled]
   spear              [Basic]
   trident            [Unskilled]
   lance              [Unskilled]
   sling              [Unskilled]
 Spellcasting Skills
   attack spells      [Unskilled]
   escape spells      [Unskilled]

Voluntary challenges:
 Character rerolling was not enabled.
 You followed a strict vegan diet.
 You were an atheist.
 You were illiterate.
 You never genocided any monsters.
 You never polymorphed an object.
 You never changed form.
 You used no wishes.
Achievements:
 You entered a shop.
 You entered the Gnomish Mines.

 The Dungeons of Doom: levels 1 to 4
    Level 1:
       A fountain.
    Level 2:
       A general store.
    Level 3:
       Stairs down to The Gnomish Mines.
    Level 4:
 The Gnomish Mines:
    Level 4: <- You were here.
       Final resting place for
          you, killed by a little dog, while frozen by a floating eye's gaze.


Vanquished creatures:
  a little dog
  a green mold
  a garter snake
  a gecko
  3 jackals
  a fox
  a kobold
  a goblin
  2 sewer rats
  2 grid bugs
  a lichen
  6 newts
21 creatures vanquished.

No species were genocided or became extinct.

Game over:
                       ----------
                      /          \
                     /    REST    \
                    /      IN      \
                   /     PEACE      \
                  /                  \
                  |    1212459919    |
                  |      53 Au       |
                  |   killed by a    |
                  |    little dog    |
                  |                  |
                  |                  |
                  |       2026       |
                 *|     *  *  *      | *
        _________)/\\_//(\/(/\)/\//\/|_)_______

Farvel 1212459919 the Valkyrie...

You died in The Gnomish Mines on dungeon level 4 with 350 points,
and 53 pieces of gold, after 1284 moves.
You were level 2 with a maximum of 26 hit points when you died.

